 Dungeon Crawl Stone Soup version 0.30-a0-242-g7bf8e6d787 (webtiles) character file.

Game seed: 927395074948261080

2732 KennySheep the Changer (level 9, -9/94 HPs)
             Began as a Demigod Transmuter on Oct 12, 2022.
             Killed from afar by an acid dragon (16 damage)
             ... with a splash of acid
             ... on level 8 of the Dungeon.
             The game lasted 00:25:36 (7492 turns).

KennySheep the Changer (Demigod Transmuter)         Turns: 7492, Time: 00:25:36

Health: -9/94      AC: 20    Str: 18    XL:     9   Next: 17%
Magic:  15/17      EV:  2    Int: 18    God:
Gold:   323        SH:  5    Dex: 18    Spells: 4/14 levels left

rFire   . . .      SeeInvis .      - Unarmed
rCold   . . .      Faith    .    (no shield)
rNeg    + . .      Spirit   .    (body armour currently unavailable)
rPois   +          Reflect  +    (helmet currently unavailable)
rElec   .          Harm     .    (cloak currently unavailable)
rCorr   .          Rampage  .    (gloves currently unavailable)
Will    .....      NoTele   +    (boots currently unavailable)
Stlth   ++........               r - amulet of reflection
HPRegen 0.35/turn                f - ring of positive energy
MPRegen 0.15/turn                i - +4 ring of evasion

@: tree-form, corroded
A: stationary, stasis, torment immunity, boosted hp, high MP 1, forlorn, divine
attributes, agile 1, frail 1, wild magic 2, evolution 1
a: no special abilities


You were on level 8 of the Dungeon.
You were a tree.
You visited 2 branches of the dungeon, and saw 9 of its levels.

You collected 323 gold pieces.

Inventory:

Hand Weapons
 a - a +2 dagger of venom
Armour
 b - a +0 robe
 n - the +1 robe of Okawaru's Favour (melded) {rF+ rN+++ rCorr}
   (You found it on level 4 of the Dungeon)

   rF:        It protects you from fire.
   rN:        It renders you almost immune to negative energy.
   rCorr:     It protects you from acid and corrosion.
 z - the +0 helmet of Cust (melded) {Rampage rC+ Str-4 Int+6}
   (You found it on level 5 of the Dungeon)

   Str:       It affects your strength (-4).
   Int:       It affects your intelligence (+6).
   rC:        It protects you from cold.
   Rampage:   It bestows one free step when moving towards enemies.
Jewellery
 f - a ring of positive energy (left branch)
 i - a +4 ring of evasion (right branch)
 r - an amulet of reflection (around neck)
 v - a ring of ice
 B - a ring of protection from fire
 D - a ring of fire
Wands
 k - a wand of digging (4)
 w - a wand of charming (7)
 y - a wand of flame (37)
 F - a wand of quicksilver (3)
Scrolls
 c - a scroll of fog
 d - 3 scrolls of teleportation
 e - 3 scrolls of poison
 l - 4 scrolls of blinking
 o - 2 scrolls of noise
 p - a scroll of amnesia
 s - a scroll of magic mapping {unknown}
 t - a scroll of silence {unknown}
 u - 2 scrolls of fear {unknown}
 x - a scroll of enchant weapon {unknown}
 A - a scroll of vulnerability
 E - a scroll of identify
 I - a scroll of brand weapon {unknown}
Potions
 h - a potion of mutation
 j - 4 potions of lignification
 m - 2 potions of resistance
 q - 2 potions of degeneration {unknown}
 C - a potion of berserk rage {unknown}
 G - 3 potions of heal wounds {unknown}
 H - a potion of brilliance {unknown}


   Skills:
 + Level 3.5 Fighting
 - Level 2.3 Dodging
 + Level 4.5 Unarmed Combat
 - Level 3.1 Spellcasting
 * Level 7.3 Transmutations
 - Level 0.4 Air Magic
 * Level 6.1 Earth Magic
 - Level 3.0 Poison Magic


You had 4 spell levels left.
You knew the following spells:

 Your Spells              Type           Power      Damage    Failure   Level
a - Beastly Appendage     Tmut           94%        N/A       3%          1
b - Wereblood             Tmut           47%        N/A       4%          2
c - Petrify               Tmut/Erth      43%        N/A       21%         4
z - Spider Form           Tmut/Pois      34%        N/A       13%         3

Your spell library contained the following spells:

 Spells                   Type           Power      Damage    Failure   Level
 Ice Form                 Ice/Tmut       25%        N/A       52%         4
 Statue Form              Tmut/Erth      28%        N/A       92%         6
 Metabolic Englaciation   Hex/Ice        2%         N/A       99%         5


Dungeon Overview and Level Annotations

Branches:
Dungeon (8/15)             Temple (1/1) D:4
   Lair: D:8-11


Innate Abilities, Weirdness & Mutations

You are a tree.
Your roots penetrate the ground, keeping you stationary.
You cannot be teleported.
You are immune to unholy pain and torment.
Your maximum health is greatly increased.
Your equipment is partially melded.
You have an increased reservoir of magic. (+10% MP)
You shall have no god before yourself.
Your divine heritage dramatically boosts your attributes as you level up.
You are agile. (Dex +4, Str/Int -1)
You are frail. (-10% HP)
Your spells are harder to cast, but more powerful.
You have hidden genetic potential.


Message History

The splash of acid hits you!! The acid corrodes you!
The acid dragon misses you. x2
You hit the acid dragon but do no damage.
The acid dragon completely misses you. The acid dragon claws you.
You barely miss the acid dragon. The acid dragon barely misses you.
The acid dragon claws you.
You hit the acid dragon.
The acid dragon is lightly wounded.
The acid dragon misses you. The acid dragon claws you.
You hit the acid dragon.
The acid dragon is moderately wounded.
The acid dragon spits acid at you. The splash of acid hits you!!
* * * LOW HITPOINT WARNING * * *
You hear a loud, deep croak!
Really quaff the potion of lignification?
Your transformation has ended.
Your +2 dagger of venom unmelds from your body.
The +0 helmet of Cust {Rampage rC+ Str-4 Int+6} unmelds from your body.
The +1 robe of Okawaru's Favour {rF+ rN+++ rCorr} unmelds from your body.
Your +2 dagger of venom begins to drip with poison!
You turn into a tree.
The +0 helmet of Cust {Rampage rC+ Str-4 Int+6} melds into your body.
The +1 robe of Okawaru's Favour {rF+ rN+++ rCorr} melds into your body.
Your roots penetrate the ground.
You block the acid dragon's attack.
The acid dragon claws you but does no damage.
You feel better. The acid dragon completely misses you.
The acid dragon claws you but does no damage.
You closely miss the acid dragon.
The acid dragon is lightly wounded.
The acid dragon spits acid at you. The splash of acid hits you!
* * * LOW HITPOINT WARNING * * *
Your +2 dagger of venom stops dripping with poison.
You are now empty-handed.
You barely miss the acid dragon.
The acid dragon is lightly wounded.
The acid dragon spits acid at you. The splash of acid hits you!
You die...

#.# ###+#..
.......
.......
.......
.......######
.>..........#
........###.#
.......♣# #<#
.......D# #.#
#######.# #.#
#.# #.# #.#
..# #.# ###
#.# #.#


You could see an acid dragon (catching breath).

Vanquished Creatures
  A troll (D:7)
  A wyvern (D:6)
  2 water moccasins (D:6)
  An ice beast (D:7)
  2 black bears
  2 sky beasts (D:7)
  An ogre (D:7)
  A centaur (D:5)
  A phantom (D:5)
  A kobold brigand (D:6)
  A necrophage (D:6)
  3 scorpions
  2 howler monkeys (D:6)
  7 hounds
  8 orc priests
  2 gnoll boudas
  Jessica (D:2)
  2 iguanas
  5 orc wizards
  11 gnolls
  8 adders
  A shadow imp (D:5)
  3 ufetubi (D:5)
  4 worms
  2 dart slugs (D:3)
  29 orcs
  5 bats
  3 bat skeletons (D:6)
  2 bat zombies (D:6)
  3 endoplasms
  2 giant cockroaches (D:1)
  A goblin (D:4)
  10 hobgoblins
  4 jackals (D:2)
  3 quokkas
  11 ball pythons
  2 frilled lizards (D:3)
  14 kobolds
  5 rats
167 creatures vanquished.

Vanquished Creatures (others)
  A fungus (D:7)
1 creature vanquished.

Grand Total: 168 creatures vanquished

Notes
Turn   | Place    | Note
-------+----------+-------------------------------------------
     0 | D:1      | KennySheep the Demigod Transmuter began the quest for the
                  | Orb.
     0 | D:1      | Reached XP level 1. HP: 15/15 MP: 5/5
   155 | D:1      | Reached skill level 2 in Transmutations
   213 | D:1      | Reached skill level 1 in Poison Magic
   286 | D:1      | Reached XP level 2. HP: 22/22 MP: 7/7
   289 | D:1      | Learned a level 2 spell: Wereblood
   865 | D:2      | Reached XP level 3. HP: 10/27 MP: 8/8
   873 | D:2      | Reached skill level 3 in Transmutations
  1382 | D:2      | Noticed Jessica
  1408 | D:2      | Killed Jessica
  1409 | D:2      | Reached XP level 4. HP: 34/34 MP: 7/9
  1884 | D:3      | Learned a level 3 spell: Spider Form
  2227 | D:3      | Reached XP level 5. HP: 27/39 MP: 7/10
  2348 | D:3      | Reached skill level 1 in Fighting
  2989 | D:4      | Reached skill level 4 in Transmutations
  3108 | D:4      | Identified the +1 robe of Okawaru's Favour {rF+ rN+++
                  | rCorr}
  3167 | D:4      | Found a staircase to the Ecumenical Temple.
  3201 | D:4      | Reached skill level 1 in Earth Magic
  3201 | D:4      | Reached XP level 6. HP: 41/47 MP: 11/11
  3580 | Temple   | Entered the Ecumenical Temple
  3707 | D:5      | Entered Level 5 of the Dungeon
  4266 | D:5      | Reached skill level 5 in Transmutations
  4266 | D:5      | Reached XP level 7. HP: 53/53 MP: 9/12
  4592 | D:5      | Identified the +0 helmet of Cust {Rampage rC+ Str-4 Int+6}
  4958 | D:6      | Learned a level 4 spell: Petrify
  5024 | D:6      | Gained mutation: You have sharp toenails. [potion of
                  | mutation]
  5024 | D:6      | Gained mutation: You occasionally lose the ability to drink
                  | potions when taking damage. [potion of mutation]
  5025 | D:6      | Lost mutation: You occasionally lose the ability to drink
                  | potions when taking damage. [potion of mutation]
  5025 | D:6      | Lost mutation: You have sharp toenails. [potion of
                  | mutation]
  5025 | D:6      | Gained mutation: You are frail. (-10% HP) [potion of
                  | mutation]
  5025 | D:6      | Gained mutation: You are agile. (Dex +4, Str/Int -1)
                  | [potion of mutation]
  5025 | D:6      | Gained mutation: You have hidden genetic potential. [potion
                  | of mutation]
  5025 | D:6      | Gained mutation: Your spells are a little harder to cast,
                  | but a little more powerful. [potion of mutation]
  5082 | D:6      | Reached skill level 6 in Transmutations
  5288 | D:6      | Reached XP level 8. HP: 25/54 MP: 12/14
  5885 | D:6      | Reached skill level 5 in Earth Magic
  5926 | D:7      | Gained mutation: Your spells are harder to cast, but more
                  | powerful. [hidden potential]
  6640 | D:7      | Reached skill level 7 in Transmutations
  6854 | D:7      | Reached XP level 9. HP: 45/63 MP: 12/17
  7492 | D:8      | Killed from afar by an acid dragon

Illustrated notes

Levels and vault maps discovered:
D:1:      heliophobic_arrival_dark_side_of_the_moon, layout_rooms,
          shapermc_ecumenical_altar_totnotflames
D:2:      layout_basic, basic_altar, uniq_jessica
D:3:      layout_basic, minmay_crystal_room
D:4:      layout_basic, minmay_temple_entry_stoned_glass
D:5:      kennysheep_spiral_hall, layout_rooms,
          mainiacjoe_overflow_surrounded_room, st_stairs_1
D:6:      layout_basic, nicolae_gozag_seed_capital, vehumet_altar_wand_db,
          kennysheep_vampire_church, serial_glass, glass_columns_b,
          glass_columns_a, glass_columns_b, glass_columns_a, glass_columns_c,
          glass_columns_b, glass_columns_c, glass_columns_a
D:7:      layout_cave_pools, mainiacjoe_overflow_concentric_impassable,
          nicolae_ru_the_path_less_chosen
D:8:      layout_basic, uniq_prince_ribbit1, uniq_gastronok
Temple:   nicolae_temple_great_sept

Skill      XL: |  1  2  3  4  5  6  7  8  9 |
---------------+----------------------------+-----
Transmutations | 2 3 4 5 6 7 |  7.3
Poison Magic   | 1 2 3 |  3.0
Fighting       | 1 2 3 |  3.5
Dodging        | 2 |  2.3
Earth Magic    | 1 2 4 5 6 |  6.1
Unarmed Combat | 3 4 |  4.5
Spellcasting   | 2 3 |  3.1
Air Magic      | |  0.4

Action                   |  1- 3 |  4- 6 |  7- 9 || total
-------------------------+-------+-------+-------++-------
Melee: Dagger            |    81 |   138 |    86 ||   305
       Unarmed           |    12 |    83 |   240 ||   335
       Kick              |     1 |       |     9 ||    10
       Headbutt          |     1 |       |     3 ||     4
       Punch             |       |     3 |     4 ||     7
 Cast: Beastly Appendage |     3 |       |     3 ||     6
       Spider Form       |       |    12 |    23 ||    35
       Wereblood         |       |     2 |     1 ||     3
       Petrify           |       |       |     1 ||     1
  Use: Scroll            |     1 |     6 |     1 ||     8
       Potion            |     1 |       |     5 ||     6
 Stab: Sleeping          |     3 |       |     3 ||     6
       Petrified         |       |       |    14 ||    14
       Distracted        |       |       |     1 ||     1
Armor: Robe              |    26 |    12 |    21 ||    59
       Skin              |    17 |     3 |     9 ||    29
Dodge: Dodged            |    49 |   198 |   293 ||   540
Block: Other             |       |    21 |    70 ||    91
       Reflection        |       |       |     1 ||     1

Table legend: (Time is in decaauts)
 A = Elapsed time spent in this place.
 B = Non-inter-level travel time spent in this place.
 C = Inter-level travel time spent in this place.
 D = Time resting spent in this place.
 E = Time spent auto-exploring this place.
 F = Levels seen in this place.
 G = Mean time per level.
                   A        B        C        D        E       F      G
               +--------+--------+--------+--------+--------+-----+--------+
         Total |   7470 |   7083 |    387 |   1408 |   4209 |   9 |  830.0 |
       Dungeon |   7385 |   7010 |    375 |   1408 |   4149 |   8 |  923.1 |
        Temple |     84 |     72 |     12 |      0 |     60 |   1 |   84.0 |
               +--------+--------+--------+--------+--------+-----+--------+

Top non-repeatable levels by time:
     D:6: 1604 daAuts
     D:5: 1073 daAuts
     D:7: 1042 daAuts
     D:4: 982 daAuts
     D:3: 946 daAuts
     D:2: 939 daAuts
     D:1: 749 daAuts
  Temple: 84 daAuts
     D:8: 47 daAuts
